 Dungeon Crawl Stone Soup version 0.30.0-5-g1a98f26d00 (webtiles) character file.

Game seed: 2162381879721914850

95 Pimp the Magician (level 4, -5/24 HPs)
             Began as a Tengu Hedge Wizard on May 10, 2023.
             Slain by a gnoll
             ... wielding a +0 spear
              (8 damage)
             ... on level 2 of the Dungeon.
             The game lasted 00:04:57 (2020 turns).

Pimp the Magician (Tengu Hedge Wizard)              Turns: 2020, Time: 00:04:58

Health: -5/24      AC:  3    Str: 10    XL:     4   Next: 66%
Magic:  8/10       EV: 13    Int: 16    God:
Gold:   119        SH:  0    Dex: 14    Spells: 6/9 levels left

rFire   . . .        h - +1 dagger (venom)
rCold   . . .        (no shield)
rNeg    . . .        b - +0 robe
rPois   .            c - +0 hat
rElec   .            (no cloak)
rCorr   .            e - +0 pair of gloves
SInv    .            (boots unavailable)
Will    .....        (no amulet)
Stlth   ++           (no ring)
HPRegen 0.24/turn    (no ring)
MPRegen 0.12/turn

%: no passive effects
@: no status effects
A: beak, talons 3
a: no special abilities


You were on level 2 of the Dungeon.
You visited 1 branch of the dungeon, and saw 3 of its levels.

You collected 119 gold pieces.

Inventory:

Hand Weapons
 a - a +0 dagger
 h - a +1 dagger of venom (weapon)
Armour
 b - a +0 robe (worn)
 c - a +0 hat (worn)
 e - a +0 pair of gloves (worn)
Scrolls
 i - a scroll of torment {unknown}
Potions
 d - a potion of flight {unknown}
 f - a potion of mutation {unknown}
 g - a potion of cancellation {unknown}


   Skills:
 + Level 0.2 Short Blades
 + Level 2.9 Dodging
 + Level 2.6 Stealth
 + Level 3.4 Spellcasting
 + Level 2.6 Conjurations
 + Level 2.1 Summonings
 + Level 1.4 Translocations


You had 6 spell levels left.
You knew the following spells:

 Your Spells              Type           Power      Damage    Failure   Level
a - Magic Dart            Conj           44%        1d5       6%          1
b - Call Imp              Summ           18%        N/A       11%         2

Your spell library contained the following spells:

 Spells                   Type           Power      Damage    Failure   Level
 Blink                    Tloc           14%        N/A       16%         2
 Slow                     Hex            8%         N/A       19%         1
 Call Canine Familiar     Summ           9%         N/A       22%         3
 Cigotuvi's Dreadful Rot  Necr/Pois/Air  4%         N/A       26%         2
 Mephitic Cloud           Conj/Pois/Air  5%         N/A       36%         3
 Portal Projectile        Hex/Tloc       10%        N/A       38%         3
 Leda's Liquefaction      Hex/Erth       1%         N/A       87%         4


Dungeon Overview and Level Annotations

Branches:
Dungeon (3/15)

Altars:


Innate Abilities, Weirdness & Mutations

You have a beak for a mouth.
You have claws for feet.


Message History

The gnoll is severely wounded.
Casting: Magic Dart (safe; 6% risk of failure)
Confirm with . or Enter, or press ? or * to list all spells.
Aiming: Magic Dart (safe; 6% risk of failure)
Press: ? - help, Shift-Dir - straight line, f/p - gnoll
Aim: a gnoll, wielding a +0 spear (severely wounded, 100% to hit)
The magic dart hits the gnoll.
The gnoll is severely wounded.
The gnoll hits you from afar with a +0 spear.
There is a stone staircase leading up here.
The gnoll barely misses you.
You climb upwards.
There is a stone staircase leading down here.
You start resting.
Magic restored.
You start resting.
HP restored.
Memorise Call Imp, consuming 2 spell levels and leaving 6?
You start memorising the spell.
You continue memorising. x2
You finish memorising.
Spell assigned to 'b'.
You climb downwards.
The gnoll hits you with a +0 spear.
There is a stone staircase leading up, spattered with blood here.
Casting: Magic Dart (safe; 6% risk of failure)
Confirm with . or Enter, or press ? or * to list all spells.
A tiny devil pulls itself out of the air.
The gnoll misses you.
The gnoll hits you from afar with a +0 spear!
The gnoll closely misses you.
Unknown command.
You hit the gnoll. Your kick misses the gnoll.
You peck the gnoll, but do no damage.
The gnoll is severely wounded.
The gnoll hits you with a +0 whip. The gnoll misses you.
The gnoll hits you with a +0 spear!
* * * LOW HITPOINT WARNING * * *
Your cerulean imp barely misses the gnoll.
Okay, then.
The gnoll attacks as you move away! The gnoll misses you.
The gnoll hits you from afar with a +0 spear!
You die...

#...# ##.##.......#
#...####..##.......#
#...##...###########
#...##.##.......
######....g######
##...........
#......g#########
#.#.....#....5..#
##.#.....#...@ggg#
#..#.....#######.#
#.##........gg..g#
#.##....##########
#.###.............
####.# #..###...####
.....###..###...#
.#..........+...+
#........###...#


You could see 3 gnolls and a friendly cerulean imp (summoned).

Vanquished Creatures
  Jessica (D:2)
  A gnoll (D:2)
  A dart slug (D:1)
  5 ball pythons
  10 endoplasms
  3 giant cockroaches
  4 goblins
  6 hobgoblins
  4 jackals (D:1)
  4 kobolds
  2 quokkas (D:2)
  2 bats
  3 frilled lizards
  3 rats
49 creatures vanquished.

Notes
Turn   | Place    | Note
-------+----------+-------------------------------------------
     0 | D:1      | Pimp the Tengu Hedge Wizard began the quest for the Orb.
     0 | D:1      | Reached XP level 1. HP: 10/10 MP: 5/5
   285 | D:1      | Reached XP level 2. HP: 15/15 MP: 1/7
   385 | D:1      | Reached skill level 1 in Translocations
   590 | D:1      | Reached XP level 3. HP: 19/19 MP: 0/8
  1310 | D:2      | Noticed Jessica
  1320 | D:2      | Killed Jessica
  1321 | D:2      | Reached XP level 4. HP: 5/24 MP: 9/9
  2016 | D:1      | Learned a level 2 spell: Call Imp
  2020 | D:2      | Slain by a gnoll

Illustrated notes

Levels and vault maps discovered:
D:1:      evilmike_arrival_plus, layout_basic, serial_glass, glass_columns_b,
          glass_columns_b, minmay_pentomino_o2
D:2:      layout_basic, basic_altar, minmay_cupped, uniq_jessica
D:3:      layout_basic, serial_shops, nicolae_shop_hallway_stairs

Skill      XL: |  1  2  3 |
---------------+----------+-----
Translocations | 1 |  1.4
Conjurations   | 2 |  2.6
Summonings     | 2 |  2.1
Short Blades   | |  0.2
Dodging        | |  2.9
Stealth        | |  2.6
Spellcasting   | |  3.4

Action                     |  1- 3 |  4- 6 || total
---------------------------+-------+-------++-------
  Melee: Dagger            |    59 |    28 ||    87
         Kick              |    13 |     9 ||    22
         Peck              |     7 |     4 ||    11
         Punch             |     1 |       ||     1
   Cast: Magic Dart        |    39 |    15 ||    54
         Call Imp          |       |     1 ||     1
    Use: Potion            |     4 |       ||     4
         Scroll            |     2 |     1 ||     3
   Stab: Sleeping          |     1 |     2 ||     3
 Armour: Robe              |    17 |     7 ||    24
  Dodge: Dodged            |    32 |    29 ||    61
